 Dungeon Crawl Stone Soup version 0.19-a0-2-g57af7d0 (webtiles) character file.

2921 ricardofg the Magician (level 9, -1/51 HPs)
             Began as a Gargoyle Earth Elementalist on Apr 27, 2016.
             Was a Believer of Vehumet.
             Slain by a komodo dragon (24 damage)
             ... on level 8 of the Dungeon.
             The game lasted 00:39:03 (10740 turns).

ricardofg the Magician (GrEE)                      Turns: 10740, Time: 00:39:04

Health: -1/51      AC:  9    Str: 16    XL:     9   Next: 79%
Magic:  1/20       EV: 12    Int: 18    God:    Vehumet [**....]
Gold:   404        SH:  0    Dex: 10    Spells: 4 memorised, 13 levels left

rFire  + . .     SeeInvis .     B - +0 quarterstaff
rCold  . . .     Gourm    .     M - +1 robe {rF+}
rNeg   + . .     Faith    .     (shield currently unavailable)
rPois  ∞         Spirit   .     (no helmet)
rElec  +         Dismiss  +     P - +0 cloak (curse)
rCorr  .         Reflect  .     (no gloves)
SustAt .         Harm     .     (no boots)
MR     .....                    y - amulet of dismissal
Stlth  +++.......               S - ring of stealth
                                s - +3 ring of strength

@: not resistant to hostile enchantments, fairly stealthy
A: negative energy resistance 1, electricity resistance, unbreathing,
petrification resistance, rot immunity, AC +5
a: Renounce Religion


You were on level 8 of the Dungeon.
You worshipped Vehumet.
Vehumet was pleased with you.
You were not hungry.

You visited 2 branches of the dungeon, and saw 9 of its levels.

You collected 404 gold pieces.

Inventory:

Hand Weapons
 g - a +0 short sword
 k - a +0 club
 v - a +0 mace
 A - a +0 morningstar
 B - a +0 quarterstaff (weapon)
 F - a +0 whip
Missiles
 b - 268 stones (quivered)
Armour
 a - a +0 robe
 K - the cursed +1 leather armour of Satisfaction {Int+5, unknown}
   (You found it on level 5 of the Dungeon)

   It affects your intelligence (+5).
   It has a curse placed upon it.
 M - a +1 robe of fire resistance (worn)
 P - a cursed +0 cloak (worn)
Jewellery
 s - a +3 ring of strength (left hand)
 y - an amulet of dismissal (around neck)
 J - an uncursed ring of ice
 S - a ring of stealth (right hand)
 U - an uncursed ring of poison resistance
Wands
 l - a wand of iceblast (11/15)
 x - a wand of iceblast (7/15)
 O - a wand of confusion (21/48)
Scrolls
 j - 4 scrolls of remove curse
 q - 3 scrolls of recharging
 r - a scroll of random uselessness {unknown}
 u - 6 scrolls of teleportation
 z - 2 scrolls of identify
 D - a scroll of fog {unknown}
 E - 2 scrolls of fear {unknown}
 H - 3 scrolls of enchant weapon
 L - 2 scrolls of magic mapping {unknown}
 R - a scroll of summoning {unknown}
 T - a scroll of immolation {unknown}
Potions
 e - a potion of agility {unknown}
 h - 6 potions of curing
 n - a potion of lignification
 o - a potion of might {unknown}
 p - a potion of flight {unknown}
 t - 2 potions of brilliance
 C - 4 potions of haste
 G - a potion of beneficial mutation {unknown}
 I - a potion of mutation {unknown}
 Q - a potion of magic {unknown}
Books
 c - a book of Geomancy

   Spells                             Type                      Level
   a - Sandblast                      Earth                        1
   b - Passwall                       Transmutation/Earth          2
   c - Stone Arrow                    Conjuration/Earth            3
   d - Petrify                        Transmutation/Earth          4
   e - Lee's Rapid Deconstruction     Earth                        5
 N - a book of Burglary

   Spells                             Type                      Level
   a - Swiftness                      Charms/Air                   2
   b - Passwall                       Transmutation/Earth          2
   c - Passage of Golubria            Translocation                4
   d - Lee's Rapid Deconstruction     Earth                        5
   e - Darkness                       Hexes                        6
   f - Invisibility                   Hexes                        6
Comestibles
 d - 10 bread rations
 f - 2 royal jellies
 i - 2 meat rations
 m - 5 beef jerkies
 w - a slice of pizza


   Skills:
 + Level 3.4 Fighting
 + Level 2.5 Staves
 + Level 2.5 Armour
 + Level 2.8 Dodging
 - Level 3.0 Stealth
 * Level 7.8 Spellcasting
 + Level 5.9 Conjurations
   Level 0.7 Transmutations
 * Level 1.5 Fire Magic
 + Level 7.8 Earth Magic


You had 13 spell levels left.
You knew the following spells:

 Your Spells              Type           Power        Failure   Level  Hunger
a - Sandblast             Erth           #####.       1%          1    None
b - Stone Arrow           Conj/Erth      ####..       1%          3    #......
c - Flame Tongue          Conj/Fire      ###..        1%          1    None
d - Lee's Rapid Deconstr  Erth           #####.....   14%         5    #####..


Dungeon Overview and Level Annotations

Branches:
Dungeon (8/15)             Temple (1/1) D:4            Lair (0/8) D:8

Altars:
Ashenzari
Cheibriados
Dithmenos
Elyvilon
Fedhas
Gozag
Kikubaaqudgha
Makhleb
Nemelex Xobeh
Okawaru
Pakellas
Qazlal
Ru
Sif Muna
Trog
Vehumet
Xom
Yredelemnul
Zin
The Shining One


Innate Abilities, Weirdness & Mutations

You are resistant to torment.
Your stone body is resilient (AC +5).
You are immune to poison.
You resist negative energy.
You are resistant to electric shocks.
You can survive without breathing.
You are immune to petrification.
You are immune to rotting.


Message History

The komodo dragon is moderately wounded.
You hit the komodo dragon but do no damage.
The komodo dragon is moderately wounded.
The komodo dragon bites you but does no damage.
The komodo dragon bites you.
Casting: Stone Arrow
Confirm with . or Enter, or press ? or * to list all spells.
Aiming: Stone Arrow
Press: ? - help, Shift-Dir - straight line, f/p - komodo dragon
Aim: a komodo dragon (moderately wounded)
The stone arrow hits the komodo dragon.
The komodo dragon is heavily wounded.
The komodo dragon bites you!
You hit the komodo dragon but do no damage.
The komodo dragon is heavily wounded.
The komodo dragon bites you!
You thump the komodo dragon!
The komodo dragon is severely wounded.
The komodo dragon bites you!!
You die... ##PPPPPPPPP## #PP...PPPPPP##

#PP.>.PPPP...##
#PPP...PP.....#
#PPPP.PPP.....#
#PP..P......#.#
##.PP......##.#
###..l..####.#
###@######.#
#........#
########(# #.#
#.# #.#
#.#########
#..........
#########..


You could see a komodo dragon.

Vanquished Creatures
  Grinder (D:6)
  A two-headed ogre (D:8)
  2 ice beasts (D:5)
  4 sky beasts
  2 phantoms
  5 ogres
  A centaur (D:4)
  A crocodile (D:7)
  2 giant frogs (D:7)
  A water moccasin zombie (D:7)
  4 crimson imps
  A jelly (D:5)
  5 hounds
  2 giant frog zombies
  3 orc priests
  2 giant frog skeletons (D:8)
  2 centaur skeletons
  An iguana (D:3)
  3 worker ants
  Natasha (twice) (D:3)
  2 orc wizards (D:5)
  2 worker ant zombies
  Robin (D:3)
  3 gnolls (D:8)
  8 adders
  A shadow imp (D:7)
  An ooze (D:7)
  An adder skeleton (D:7)
  2 worms (D:3)
  4 giant geckos
  11 orcs
  4 bats
  5 giant cockroaches
  13 goblins
  15 hobgoblins
  11 jackals
  4 quokkas
  7 ball pythons
  A giant newt (D:2)
  2 jackal zombies (D:5)
  12 kobolds
  A quokka zombie (D:8)
  19 rats
175 creatures vanquished.

Vanquished Creatures (others)
  4 plants (D:8)
4 creatures vanquished.

Grand Total: 179 creatures vanquished

Notes
Turn   | Place    | Note
--------------------------------------------------------------
     0 | D:1      | ricardofg the Gargoyle Earth Elementalist began the quest for the Orb.
     0 | D:1      | Reached XP level 1. HP: 10/10 MP: 3/3
   434 | D:1      | Reached XP level 2. HP: 12/15 MP: 5/5
  1042 | D:1      | Reached XP level 3. HP: 17/19 MP: 7/7
  1047 | D:1      | Learned a level 3 spell: Stone Arrow
  2137 | D:2      | Found an ancient bone altar of Kikubaaqudgha.
  2138 | D:2      | Found a blossoming altar of Fedhas.
  2425 | D:2      | Reached XP level 4. HP: 10/24 MP: 5/9
  2608 | D:2      | Reached skill level 1 in Conjurations
  3749 | D:3      | Reached XP level 5. HP: 28/28 MP: 10/10
  3767 | D:3      | Found a white marble altar of Elyvilon.
  3780 | D:3      | Noticed Natasha
  3792 | D:3      | Killed Natasha
  3842 | D:3      | Noticed Natasha
  3848 | D:3      | Killed Natasha
  4216 | D:3      | Noticed Robin
  4219 | D:3      | Killed Robin
  4336 | D:3      | Reached XP level 6. HP: 32/32 MP: 4/12
  4925 | D:4      | Reached skill level 5 in Earth Magic
  5084 | D:4      | Noticed a phantom
  5085 | D:4      | Reached skill level 5 in Spellcasting
  5131 | D:4      | Killed a phantom
  5131 | D:4      | Reached XP level 7. HP: 10/36 MP: 1/14
  5734 | D:4      | Found a staircase to the Ecumenical Temple.
  5740 | Temple   | Entered the Ecumenical Temple
  5823 | Temple   | Became a worshipper of Vehumet
  6439 | D:5      | Entered Level 5 of the Dungeon
  6921 | D:5      | Found a shattered altar of Ashenzari.
  6953 | D:5      | Upgraded the game from 0.18-a0-1808-g3e993bd to 0.19-a0-2-g57af7d0
  6966 | D:5      | Reached XP level 8. HP: 32/41 MP: 7/17
  7939 | D:5      | Got a steaming leather armour
  8104 | D:5      | Reached skill level 1 in Fighting
  8104 | D:5      | Reached skill level 5 in Conjurations
  8151 | D:5      | Noticed a moth of wrath
  8153 | D:5      | Found a bloodstained altar of Trog.
  8468 | D:6      | Reached * piety under Vehumet
  8468 | D:6      | Offered knowledge of Shock by Vehumet.
  8605 | D:6      | Reached skill level 1 in Staves
  8639 | D:6      | Noticed Grinder
  8792 | D:6      | Killed Grinder
  8792 | D:6      | Reached skill level 1 in Armour
  8792 | D:6      | Reached XP level 9. HP: 48/48 MP: 6/19
  9828 | D:7      | Reached ** piety under Vehumet
  9920 | D:7      | Offered knowledge of Flame Tongue by Vehumet.
  9923 | D:7      | Learned a level 1 spell: Flame Tongue
 10176 | D:8      | Found a shadowy altar of Dithmenos.
 10178 | D:8      | Found an opulent altar of Gozag.
 10186 | D:8      | Found a shimmering altar of Xom.
 10256 | D:8      | Found a blossoming altar of Fedhas.
 10387 | D:8      | Found a shattered altar of Ashenzari.
 10397 | D:8      | Reached skill level 1 in Fire Magic
 10398 | D:8      | Found a stormy altar of Qazlal.
 10533 | D:8      | Found a basalt altar of Yredelemnul.
 10535 | D:8      | Found an oddly glowing altar of Pakellas.
 10536 | D:8      | Found a glowing golden altar of the Shining One.
 10570 | D:8      | Found a staircase to the Lair.
 10571 | D:8      | Noticed a komodo dragon
 10710 | D:8      | Noticed a two-headed ogre
 10727 | D:8      | Learned a level 5 spell: Lee's Rapid Deconstruction
 10732 | D:8      | Killed a two-headed ogre
 10740 | D:8      | Slain by a komodo dragon

Vault maps used:
D:1:      sevenhm_arrival_forest_fort_large_1
D:2:      grunt_temple_overflow_growth_and_decay, first_bread
D:3:      nicolae_overflow_hidden_temple, corexii_shack, grunt_ministairs_9,
          uniq_robin, uniq_natasha
D:4:      minmay_temple_entry_fiery, minmay_misc_feat_four_crosses
D:5:      tgw_trog, cheibrodos_ashenzari_chains
D:6:      uniq_grinder
D:8:      grunt_temple_overflow_open, david_lair_shrubbed, basic_altar
Temple:   circular_temple_pool_8

Skill      XL: |  1  2  3  4  5  6  7  8  9 |
---------------+----------------------------+-----
Stealth        | 3 |  3.0
Spellcasting   | 3 4 5 6 7 |  7.8
Conjurations   | 1 2 3 4 5 |  5.9
Earth Magic    | 4 5 6 7 |  7.8
Fighting       | 2 3 |  3.4
Staves         | 1 2 |  2.5
Armour         | 1 2 |  2.5
Dodging        | 2 |  2.8
Fire Magic     | 1 |  1.5
Transmutations | |  0.7

Action                   |  1- 3 |  4- 6 |  7- 9 || total
-------------------------+-------+-------+-------++-------
Melee: Unarmed           |    26 |       |       ||    26
       Short sword       |   141 |       |       ||   141
       Mace              |    18 |    62 |       ||    80
       Quarterstaff      |       |    68 |   304 ||   372
Throw: Stone             |       |     3 |       ||     3
 Cast: Sandblast         |    14 |    47 |    54 ||   115
       Stone Arrow       |       |    11 |    48 ||    59
       Flame Tongue      |       |       |     9 ||     9
  Use: Scroll            |       |       |     8 ||     8
 Stab: Sleeping          |     6 |     2 |     2 ||    10
       Distracted        |     1 |       |     1 ||     2
  Eat: Chunk             |     5 |     9 |    15 ||    29
       Fruit             |       |     1 |     5 ||     6
Armor: Robe              |    71 |    52 |   183 ||   306
Dodge: Dodged            |   155 |   112 |   274 ||   541
